 Dungeon Crawl Stone Soup version 0.30-a0-1053-gbd8d5ba0ad (webtiles) character file.

Game seed: 12959612175870464249

703 jimonade the Grasshopper (level 7, 0/56 HPs)
             Began as a Gnoll Warper on Apr 11, 2023.
             Succumbed to a kobold's poison
             ... on level 4 of the Dungeon.
             The game lasted 00:12:51 (4242 turns).

jimonade the Grasshopper (Gnoll Warper)             Turns: 4242, Time: 00:12:52

Health: 0/56       AC:  7    Str: 12    XL:     7   Next: 66%
Magic:  13/15      EV: 13    Int: 13    God:
Gold:   173        SH:  0    Dex: 11    Spells: 13/17 levels left

rFire   . . .      SeeInvis +    a - +0 halberd
rCold   . . .      Faith    .    (shield currently unavailable)
rNeg    . . .      Spirit   .    G - +3 leather armour
rPois   .          Reflect  .    (no helmet)
rElec   .          Rampage  .    (no cloak)
rCorr   +                        k - +0 pair of gloves
Will    .....                    (no boots)
Stlth   ++                       (no amulet)
HPRegen 0.29/turn                h - ring of resist corrosion
MPRegen 0.14/turn                n - ring of see invisible

@: lethally poisoned (0 -> 0), about to teleport, invisible
A: fangs 1, strong nose, distributed training
a: no special abilities


You were on level 4 of the Dungeon.
You visited 1 branch of the dungeon, and saw 5 of its levels.

You collected 173 gold pieces.

Inventory:

Hand Weapons
 a - a +0 halberd (weapon)
 b - a +1 antimagic dagger
 m - a +0 short sword
 w - a +0 hand axe
 z - a +0 spear
 F - a +0 flail of draining
 K - a +0 war axe of flaming
Missiles
 d - 7 boomerangs of dispersal
 u - 33 stones (quivered)
 H - 3 poisoned darts
 I - a throwing net
 J - 3 boomerangs
Armour
 k - a +0 pair of gloves (worn)
 v - a +0 leather armour
 x - a +0 chain mail
 G - a +3 leather armour (worn)
Magical Staves
 l - a staff of conjuration
 o - a staff of death
Jewellery
 h - a ring of resist corrosion (left hand)
 n - a ring of see invisible (right hand)
 s - a +6 ring of intelligence
 A - a ring of flight
 L - a ring of fire
Wands
 C - a wand of iceblast (6)
Scrolls
 c - a scroll of blinking
 e - 4 scrolls of teleportation
 f - a scroll of vulnerability {unknown}
 j - 2 scrolls of fear {unknown}
 p - 5 scrolls of identify {unknown}
 t - a scroll of enchant armour {unknown}
 y - a scroll of poison {unknown}
 E - a scroll of immolation {unknown}
Potions
 g - a potion of heal wounds {unknown}
 i - a potion of invisibility
 q - 2 potions of curing {unknown}
 r - a potion of haste {unknown}
 B - a potion of mutation {unknown}
 D - a potion of brilliance {unknown}


   Skills:
 + Level 5.4 Fighting
 + Level 2.7 Short Blades
 + Level 2.7 Long Blades
 + Level 2.7 Axes
 + Level 2.7 Maces & Flails
 + Level 5.4 Polearms
 + Level 2.7 Staves
 + Level 2.7 Ranged Weapons
 + Level 3.8 Throwing
 + Level 3.8 Armour
 + Level 5.4 Dodging
 + Level 2.7 Stealth
 + Level 2.7 Shields
 + Level 2.7 Unarmed Combat
 + Level 5.7 Spellcasting
 + Level 2.2 Conjurations
 + Level 2.2 Hexes
 + Level 2.2 Summonings
 + Level 2.2 Necromancy
 + Level 5.9 Translocations
 + Level 2.2 Transmutations
 + Level 2.2 Fire Magic
 + Level 2.2 Ice Magic
 + Level 2.2 Air Magic
 + Level 2.2 Earth Magic
 + Level 2.2 Poison Magic
 + Level 3.0 Invocations
 + Level 2.7 Evocations


You had 13 spell levels left.
You knew the following spells:

 Your Spells              Type           Power      Damage    Failure   Level
a - Blink                 Tloc           38%        N/A       3%          2
b - Lesser Beckoning      Tloc           38%        N/A       3%          2

Your spell library contained the following spells:

 Spells                   Type           Power      Damage    Failure   Level
 Teleport Other           Tloc           19%        N/A       6%          3
 Sandblast                Erth           18%        2d7       9%          1
 Vhi's Electric Charge    Tloc/Air       28%        N/A       12%         3
 Volatile Blastmotes      Fire/Tloc      28%        2d12      12%         3
 Ensorcelled Hibernation  Hex/Ice        18%        N/A       13%         2
 Passwall                 Tmut/Erth      7%         N/A       13%         2
 Manifold Assault         Tloc           19%        N/A       19%         4
 Dazzling Flash           Conj/Hex       18%        N/A       26%         3
 Stone Arrow              Conj/Erth      18%        3d8       26%         3
 Swiftness                Air            9%         N/A       26%         3
 Iskenderun's Mystic Bla  Conj/Tloc      14%        2d5       38%         4
 Starburst                Conj/Fire      4%         6d4       100%        6


Dungeon Overview and Level Annotations

Branches:
Dungeon (5/15)             Temple (0/1) D:4

Altars:
Fedhas
Kikubaaqudgha
Uskayaw

Shops:
D:1 (*:!


Innate Abilities, Weirdness & Mutations

You have very sharp teeth.
Your uncanny sense of smell can sniff out nearby items.
Your experience applies equally to all skills.


Message History

The orc wizard flickers and vanishes for a moment.
The kobold throws a poisoned dart.
The poisoned dart misses you.
Casting: Blink (safe; 3% risk of failure)
Confirm with . or Enter, or press ? or * to list all spells.
You are still too unstable to blink.
You feel stable enough to blink again.
Casting: Blink (safe; 3% risk of failure)
Confirm with . or Enter, or press ? or * to list all spells.
You blink.
The orc attacks as you move away!
The orc hits you with a +1 whip of distortion.
* * * LOW HITPOINT WARNING * * *
Space warps around you.
* * * LOW HITPOINT WARNING * * *
The kobold throws a poisoned dart.
The poisoned dart hits you!
You are poisoned.
* * * LOW HITPOINT WARNING * * *
You feel very sick. The orc attacks as you move away!
The orc barely misses you.
You feel stable enough to blink again.
You feel sick.
You slash the orc!
You kill the orc!
* * * LOW HITPOINT WARNING * * *
You feel sick.
You feel sick.
You feel sick.
As you read the scroll labelled EDDUFOBUOZ, it crumbles to dust.
You feel strangely unstable.
It was a scroll of teleportation.
You feel sick.
Okay, then.
Unknown command.
You slash the orc wizard!
The orc wizard is severely wounded.
You feel sick. The orc wizard casts a spell at you. The puff of flame hits you.
* * * LOW HITPOINT WARNING * * *
It was a potion of invisibility.
You fade into invisibility!
You die...

.######.....†.....# #.#
...........§....#.# #.#
.#######.########.#####.#
.# #.# #o......# .# #.#
####....##)# .# #.#
#...o#..##.# .# ####.#
###.##.K.###.# .####.....
#....o#)## #.# ...##.#
.###.###@#.# #.# .#.##.#
#.†# #..K# #.# ##.##.##
#..###.######.#
##....)####...[..# #...#
.......)......)### #.###
#####.########## #.# #)#
#.# #.# ############.#
#.####........)†..#


You could see an orc wizard (invisible, unable to see you), 2 orcs and a kobold
(unable to see you).

Vanquished Creatures
  A black bear (D:5)
  A lemure (D:5)
  2 phantoms (D:3)
  2 hounds
  3 orc priests
  4 orc wizards
  An iguana (D:4)
  3 adders
  7 gnolls
  5 dart slugs
  15 orcs
  6 bats
  7 endoplasms
  2 giant cockroaches (D:3)
  5 goblins
  3 hobgoblins
  4 jackals (D:1)
  11 kobolds
  6 quokkas
  10 ball pythons
  2 frilled lizards
  6 rats
106 creatures vanquished.

Notes
Turn   | Place    | Note
-------+----------+-------------------------------------------
     0 | D:1      | jimonade the Gnoll Warper began the quest for the Orb.
     0 | D:1      | Reached XP level 1. HP: 20/20 MP: 6/6
   116 | D:1      | Reached XP level 2. HP: 26/26 MP: 7/7
   282 | D:1      | Found Muemp's Distillery.
   322 | D:1      | Found Enyr's Book Shop.
   393 | D:1      | Reached skill level 5 in Spellcasting
   393 | D:1      | Reached XP level 3. HP: 31/31 MP: 7/9
   429 | D:1      | Found Igonup's Assorted Antiques.
   649 | D:1      | Found Nuxke's Weapon Boutique.
  1197 | D:1      | Reached skill level 1 in Invocations
  1243 | D:1      | Reached skill level 1 in Short Blades
  1243 | D:1      | Reached skill level 1 in Long Blades
  1243 | D:1      | Reached skill level 1 in Axes
  1243 | D:1      | Reached skill level 1 in Maces & Flails
  1243 | D:1      | Reached skill level 1 in Staves
  1243 | D:1      | Reached skill level 1 in Ranged Weapons
  1243 | D:1      | Reached skill level 1 in Stealth
  1243 | D:1      | Reached skill level 1 in Shields
  1243 | D:1      | Reached skill level 1 in Unarmed Combat
  1243 | D:1      | Reached skill level 1 in Evocations
  1715 | D:2      | Learned a level 2 spell: Blink
  1718 | D:2      | Learned a level 2 spell: Lesser Beckoning
  1730 | D:3      | Reached XP level 4. HP: 38/38 MP: 11/11
  1948 | D:3      | Found a blossoming altar of Fedhas.
  1988 | D:2      | Reached skill level 1 in Conjurations
  1988 | D:2      | Reached skill level 1 in Hexes
  1988 | D:2      | Reached skill level 1 in Summonings
  1988 | D:2      | Reached skill level 1 in Necromancy
  1988 | D:2      | Reached skill level 1 in Transmutations
  1988 | D:2      | Reached skill level 1 in Fire Magic
  1988 | D:2      | Reached skill level 1 in Ice Magic
  1988 | D:2      | Reached skill level 1 in Air Magic
  1988 | D:2      | Reached skill level 1 in Earth Magic
  1988 | D:2      | Reached skill level 1 in Poison Magic
  2074 | D:3      | Reached XP level 5. HP: 30/43 MP: 12/12
  2348 | D:3      | Noticed a phantom
  2391 | D:3      | Killed a phantom
  2583 | D:3      | Reached XP level 6. HP: 44/50 MP: 13/13
  2623 | D:3      | Reached skill level 5 in Fighting
  2623 | D:3      | Reached skill level 5 in Polearms
  2623 | D:3      | Reached skill level 5 in Dodging
  3096 | D:3      | Found a hide-covered altar of Uskayaw.
  3289 | D:4      | Reached XP level 7. HP: 22/54 MP: 12/15
  3801 | D:4      | You fall into a shaft and drop 1 floor!
  3801 | D:5      | Entered Level 5 of the Dungeon
  4122 | D:4      | Found an ancient bone altar of Kikubaaqudgha.
  4198 | D:4      | Found a staircase to the Ecumenical Temple.
  4241 | D:4      | HP: 2/56 [poisoned by a kobold]
  4242 | D:4      | Succumbed to a kobold's poison

Illustrated notes

Levels and vault maps discovered:
D:1:      dpeg_arrival_chambers_temple_mockup, layout_basic,
          serial_co_window_serial, co_window_paths_a, co_window_corner_a,
          co_window_paths_b, co_window_paths_b, co_window_paths_a,
          co_window_broadway_a, co_window_corner_cb, co_window_cross_3,
          co_window_cross_4, co_window_corner_cb, glass_columns_a,
          glass_columns_b, glass_columns_c, glass_columns_a, serial_shops, shop,
          shop, nicolae_shop_bloodbath_and_beyond, shop, chequers_arboretum,
          minmay_heptomino_h4
D:2:      layout_rooms
D:3:      layout_rooms, marbit_many_paths, mainiacjoe_overflow_paths
D:4:      layout_loops_ring, kennysheep_mini_moat,
          minmay_temple_entry_mini_moons, uniq_robin
D:5:      layout_cave_pools, lemuel_round_altar, uniq_pikel

Skill      XL: |  1  2  3  4  5  6  7 |
---------------+----------------------+-----
Spellcasting   | 5 |  5.7
Invocations    | 1 2 3 |  3.0
Short Blades   | 1 2 |  2.7
Long Blades    | 1 2 |  2.7
Axes           | 1 2 |  2.7
Maces & Flails | 1 2 |  2.7
Staves         | 1 2 |  2.7
Ranged Weapons | 1 2 |  2.7
Stealth        | 1 2 |  2.7
Shields        | 1 2 |  2.7
Unarmed Combat | 1 2 |  2.7
Evocations     | 1 2 |  2.7
Conjurations   | 1 2 |  2.2
Hexes          | 1 2 |  2.2
Summonings     | 1 2 |  2.2
Necromancy     | 1 2 |  2.2
Transmutations | 1 2 |  2.2
Fire Magic     | 1 2 |  2.2
Ice Magic      | 1 2 |  2.2
Air Magic      | 1 2 |  2.2
Earth Magic    | 1 2 |  2.2
Poison Magic   | 1 2 |  2.2
Throwing       | 3 |  3.8
Armour         | 3 |  3.8
Fighting       | 5 |  5.4
Polearms       | 5 |  5.4
Dodging        | 5 |  5.4
Translocations | |  5.9

Action                     |  1- 3 |  4- 6 |  7- 9 || total
---------------------------+-------+-------+-------++-------
  Melee: Spear             |   163 |   118 |       ||   281
         Bite              |    17 |    18 |    11 ||    46
         Punch             |     1 |     3 |       ||     4
         Halberd           |       |    66 |   121 ||   187
         Dagger            |       |    14 |     3 ||    17
  Throw: Stone             |       |     4 |       ||     4
   Cast: Blink             |       |     1 |     2 ||     3
    Use: Scroll            |       |       |     1 ||     1
         Potion            |       |       |     1 ||     1
   Stab: Sleeping          |     1 |       |       ||     1
 Armour: Leather armour    |    34 |     7 |    58 ||    99
         Chain mail        |       |    59 |     6 ||    65
  Dodge: Dodged            |    84 |    65 |   121 ||   270

Table legend: (Time is in decaauts)
 A = Elapsed time spent in this place.
 B = Non-inter-level travel time spent in this place.
 C = Inter-level travel time spent in this place.
 D = Time resting spent in this place.
 E = Time spent auto-exploring this place.
 F = Levels seen in this place.
 G = Mean time per level.
                   A        B        C        D        E       F      G
               +--------+--------+--------+--------+--------+-----+--------+
         Total |   4245 |   4128 |    117 |    846 |   1817 |   5 |  849.0 |
       Dungeon |   4245 |   4128 |    117 |    846 |   1817 |   5 |  849.0 |
               +--------+--------+--------+--------+--------+-----+--------+

Top non-repeatable levels by time:
     D:3: 1323 daAuts
     D:1: 1228 daAuts
     D:4: 822 daAuts
     D:2: 624 daAuts
     D:5: 246 daAuts
